 Dungeon Crawl Stone Soup version 0.26-a0-597-gb535b0901c (webtiles) character file.

Game seed: 10905900220583995705

10 Alarkh the Conjurer (level 2, 19/19 HPs)
             Began as a Mummy Conjurer on Aug 31, 2020.
             Safely got out of the dungeon.
             The game lasted 00:00:42 (507 turns).

Alarkh the Conjurer (Mummy Conjurer)                 Turns: 507, Time: 00:00:43

Health: 19/19      AC:  5    Str: 10    XL:     2   Next: 10%
Magic:  6/6        EV: 12    Int: 17    God:
Gold:   67         SH:  0    Dex: 10    Spells: 6/7 levels left

rFire    x . .     SeeInvis .   (no weapon)
rCold    + . .     Faith    .   (no shield)
rNeg     + + +     Spirit   .   a - +0 robe
rPois    ∞         Reflect  .   (no helmet)
rElec    .         Harm     .   f - +0 cloak
rCorr    .                      b - +1 pair of gloves
MR       .....                  (no boots)
Stlth    ++........             (no amulet)
HPRegen  0.06/turn              (no ring)
MPRegen  0.10/turn              (no ring)

@: no status effects
A: no potions, fire vulnerability, cold resistance 1, negative energy resistance
3, torment resistance, unbreathing
a: no special abilities


You escaped.
You visited 1 branch of the dungeon, and saw 1 of its levels.

You collected 67 gold pieces.

Inventory:

Armour
 a - a +0 robe (worn)
 b - a +1 pair of gloves (worn)
 f - a +0 cloak (worn)
Scrolls
 c - a scroll of magic mapping {unknown}
 d - 2 scrolls of enchant armour {unknown}
 e - a scroll of identify {unknown}


   Skills:
 - Level 1.5 Dodging
 - Level 1.5 Stealth
 + Level 3.0 Spellcasting
 * Level 3.5 Conjurations


You had 6 spell levels left.
You knew the following spells:

 Your Spells              Type           Power        Failure   Level
a - Magic Dart            Conj           ##..         4%          1

Your spell library contained the following spells:

 Spells                   Type           Power        Failure   Level
 Searing Ray              Conj           ##....       6%          2
 Dazzling Flash           Conj/Hex       #.....       26%         3
 Fulminant Prism          Conj/Hex       #.........   63%         4
 Iskenderun's Mystic Bla  Conj/Tloc      #.......     63%         4


Dungeon Overview and Level Annotations

Branches:
Dungeon (1/15)

Altars:


Innate Abilities, Weirdness & Mutations

You do not drink.
Your flesh is vulnerable to fire.
You are immune to poison.
Your flesh is cold resistant. (rC+)
You are immune to negative energy. (rN+++)
You are immune to unholy pain and torment.
You can survive without breathing.


Message History

The kobold is heavily wounded.
Casting: Magic Dart (safe; 4% risk of failure)
Confirm with . or Enter, or press ? or * to list all spells.
Aiming: Magic Dart (safe; 4% risk of failure)
Press: ? - help, Shift-Dir - straight line, f/p - kobold
Aim: a kobold, wielding a +0 short sword (heavily wounded)
The magic dart hits the kobold.
You kill the kobold!
Found a stone staircase leading down.
Found a cloak.
You now have 67 gold pieces (gained 14).
A kobold comes into view. It is wielding a +0 short sword.
A kobold is nearby!
You see here a cloak.
f - a cloak You start putting on your armour.
You continue putting on your cloak. x4
You finish putting on your +0 cloak.
There is a staircase leading out of the dungeon here.
Are you sure you want to leave the Dungeon?
This will make you lose the game!
You have escaped!

# #.# #.#..#..#.#...######### #
#.# #.....#.#.............# #
#.# #.#...#....#....##.##.#
###.######..####......##....##.#
.....................####...##.#
#########............##.##.###.#
............###.##.....##..###.#
#....#.....##.....#.........##.#
#....#....#.....@.##..........>#
#....#.....##.....#........#.###
...)........###.##.....##..#.#
#########............##.##.#.# #
#######............####..#.# #
..........####......##...#.# #
######.#.#...#...........#.# #
#.#.....#..#####......### #
#.#.#..#....#..#.####...#


There were no monsters in sight!

Vanquished Creatures
  A ball python (D:1)
  3 bats (D:1)
  2 hobgoblins (D:1)
  A kobold (D:1)
  2 frilled lizards (D:1)
  A rat (D:1)
10 creatures vanquished.

Notes
Turn   | Place    | Note
-------+----------+-------------------------------------------
     0 | D:1      | Alarkh the Mummy Conjurer began the quest for the Orb.
     0 | D:1      | Reached XP level 1. HP: 13/13 MP: 4/4
   381 | D:1      | Reached XP level 2. HP: 19/19 MP: 3/6
   507 | D:$      | Safely got out of the dungeon.

Illustrated notes

Levels and vault maps discovered:
D:1:      erik_arrival_blinker_ship, layout_basic, minivault_26,
          ashenzari_altar_1

Skill      XL: |  1 |
---------------+----+-----
Spellcasting   | 3 |  3.0
Dodging        | |  1.5
Stealth        | |  1.5
Conjurations   | |  3.5

Action                   || total
-------------------------++-------
Melee: Unarmed           ||     6
 Cast: Magic Dart        ||    17
 Stab: Sleeping          ||     1
Dodge: Dodged            ||    10

Table legend: (Time is in decaauts)
 A = Elapsed time spent in this place.
 B = Non-inter-level travel time spent in this place.
 C = Inter-level travel time spent in this place.
 D = Time resting spent in this place.
 E = Time spent auto-exploring this place.
 F = Levels seen in this place.
 G = Mean time per level.
                   A        B        C        D        E       F      G
               +--------+--------+--------+--------+--------+-----+--------+
         Total |    507 |    464 |     43 |      0 |    378 |   1 |  507.0 |
       Dungeon |    507 |    464 |     43 |      0 |    378 |   1 |  507.0 |
               +--------+--------+--------+--------+--------+-----+--------+

Top non-repeatable levels by time:
     D:1: 507 daAuts
